 Dungeon Crawl Stone Soup version 0.30.0-19-gbf45117a57 (webtiles) character file.

Game seed: 1642646628996725538

1977 qw the Cleaver (level 9, -3/55 HPs)
             Began as a Gargoyle Fighter on May 25, 2023.
             Was an Initiate of Okawaru.
             Slain by a gnoll sergeant
             ... wielding a +0 trident
              (7 damage)
             ... on level 7 of the Dungeon.
             The game lasted 00:02:44 (6026 turns).

qw the Cleaver (Gargoyle Fighter)                   Turns: 6026, Time: 00:02:45

Health: -3/55      AC: 19    Str: 25    XL:     9   Next: 20%
Magic:  8/9        EV:  8    Int:  8    God:    Okawaru [......]
Gold:   315        SH:  9    Dex:  9    Spells: 8/8 levels left

rFire   . . .        Y - +2 war axe
rCold   + . .        c - +0 buckler
rNeg    + . .        n - +0 chain mail
rPois   inf          (helmet restricted)
rElec   +            (no cloak)
rCorr   .            (no gloves)
SInv    .            h - +0 pair of boots
Will    .....        e - amulet of reflection Stlth
                     (no ring)
HPRegen 0.29/turn    (no ring)
MPRegen 0.11/turn

%: reflection
@: no status effects
A: sickness immunity, AC +6, negative energy resistance 1, electricity
resistance, torment resistance 1, petrification resistance, antennae 1,
iridescent scales 1, cold resistance 1
a: Renounce Religion


You were on level 7 of the Dungeon.
You worshipped Okawaru.
Okawaru was noncommittal.
You visited 2 branches of the dungeon, and saw 9 of its levels.

You collected 315 gold pieces.


Innate Abilities, Weirdness & Mutations

You are immune to sickness and miasma.
Your stone body is resilient. (AC +6)
You are immune to poison.
You resist negative energy. (rN+)
You are resistant to electric shocks. (rElec)
You are resistant to unholy torment.
You are immune to petrification.
You have a pair of small antennae on your head.
You are partially covered in iridescent scales. (AC +2)
Your flesh is cold resistant. (rC+)


   Skills:
 + Level 6.2 Fighting
 - Level 9.0 Axes
 - Level 1.7 Throwing
 - Level 4.2 Armour
 - Level 1.3 Dodging
 - Level 4.3 Shields


You had 8 spell levels left.
You didn't know any spells.
Your spell library was empty.

Inventory:

Hand Weapons
 b - a +0 flail
 Y - a +2 war axe (weapon)
Missiles
 j - 5 boomerangs (quivered)
Armour
 c - a +0 buckler (worn)
 h - a +0 pair of boots (worn)
 n - a +0 chain mail (worn)
Jewellery
 e - an amulet of reflection (around neck)
 l - the amulet "Butul" {Fragile rC+ Regen+ Dex+4}
   (You found it on level 2 of the Dungeon)

   [amulet of regeneration]

   Dex:       It affects your dexterity (+4).
   rC:        It protects you from cold.
   Regen:     It increases your rate of health regeneration.
   Fragile:   It will be destroyed if unequipped.
Scrolls
 k - 2 scrolls of identify
Potions
 a - a potion of lignification
 d - 3 potions of might
 f - 3 potions of attraction
 g - a potion of curing
 i - 3 potions of mutation

Dungeon Overview and Level Annotations

Branches:
Dungeon (8/15)             Temple (1/1) D:4
   Lair: D:8-11

Altars:
Ashenzari
Cheibriados
Dithmenos
Elyvilon
Fedhas
Gozag
Hepliaklqana
Kikubaaqudgha
Makhleb
Nemelex Xobeh
Okawaru
Qazlal
Ru
Sif Muna
Trog
Uskayaw
Vehumet
Wu Jian
Xom
Yredelemnul
Zin
The Shining One

Annotations:
D:5 1 runed translucent door, Crazy Yiuf


Message History

A gnoll sergeant comes into view. It is wielding a +0 trident.
The gnoll sergeant shouts!
You block the gnoll's attack.
You hit the gnoll.
The gnoll is heavily wounded.
You feel like a meek peon again. The gnoll hits you but does no damage.
You barely miss the gnoll.
The gnoll is heavily wounded.
The gnoll hits you from afar with a +1 heavy spear.
You block the gnoll's attack.
You hit the gnoll but do no damage.
The gnoll is heavily wounded.
You block the gnoll's attack. The gnoll barely misses you.
A gnoll comes into view. It is wielding a +0 whip.
You closely miss the gnoll.
The gnoll is heavily wounded.
The gnoll shouts!
You hear a howl!
You block the gnoll's attack.
The gnoll sergeant hits you but does no damage.
You block the gnoll's attack.
You closely miss the gnoll.
The gnoll is heavily wounded.
You block the gnoll's attack. The gnoll sergeant barely misses you.
You hit the gnoll.
The gnoll is heavily wounded.
The gnoll hits you but does no damage. x2
The gnoll sergeant hits you but does no damage.
The howler monkey hoots and howls with incredible vigour!
You hit the gnoll.
The gnoll is severely wounded.
You block the gnoll's attack. You block the gnoll sergeant's attack.
The gnoll closely misses you.
You hit the gnoll.
You kill the gnoll!
Okawaru accepts your kill.
You closely miss the gnoll. The gnoll completely misses you.
The gnoll sergeant hits you from afar with a +0 trident!
You die...

........#...########.....
#####'######## ....#.....#
........../..# ...#.....#
..(..........+ ... .....#
.............####'##.....#
...........[..............
...............)g)........
#############..)..........
.........#..g@)<.......
.........#hg.).?.......
.......'.............
.....#............. .
#...#......######. ...
#...#......#
.....##...#......#
..........#......#
..........+


You could see a gnoll sergeant, a howler monkey and 2 gnolls.

Vanquished Creatures
  A sky beast (D:7)
  2 black bears
  2 ogres (D:6)
  2 centaurs
  A phantom (D:6)
  A kobold brigand (D:7)
  3 bullfrogs
  2 scorpions
  2 gnoll sergeants
  2 wights (D:7)
  2 howler monkeys (D:7)
  3 hounds
  Jessica (D:3)
  A sleepcap (D:6)
  Natasha (twice) (D:4)
  4 iguanas
  13 gnolls
  9 adders
  A shadow imp (D:6)
  A worm (D:4)
  A dart slug (D:2)
  14 orcs
  6 bats
  6 endoplasms
  3 giant cockroaches
  9 goblins
  7 hobgoblins
  4 jackals (D:1)
  12 kobolds
  4 quokkas
  3 ball pythons
  3 frilled lizards (D:1)
  5 rats
132 creatures vanquished.

Notes
Turn   | Place    | Note
-------+----------+-------------------------------------------
     0 | D:1      | qw the Gargoyle Fighter began the quest for the Orb.
     0 | D:1      | Reached XP level 1. HP: 14/14 MP: 1/1
     0 | D:1      | 0 ||| qw: Version: 0.2-a-98-g5d7165a
     0 | D:1      | 0 ||| qw: Game counter: 94
     0 | D:1      | 0 ||| qw: Always use a shield: true
     0 | D:1      | 0 ||| qw: God list: Okawaru
     0 | D:1      | 0 ||| qw: Allow faded altars: false
     0 | D:1      | 0 ||| qw: Do Orc after D:15 true
     0 | D:1      | 0 ||| qw: Do second Lair branch before Depths: true
     0 | D:1      | 0 ||| qw: Lair rune preference: random
     0 | D:1      | 0 ||| qw: Plans: Normal, Zot:1-4, God:TSO, Crypt, Tomb,
                  | Pan, Slime:5, Hells, Abyss, Win
     0 | D:1      | 0 ||| PLANNING D:1-11
     5 | D:1      | 5 ||| Stepping ~*~*~tactically~*~*~ (stealth).
    18 | D:1      | Reached skill level 2 in Axes
    27 | D:1      | 27 ||| Stepping ~*~*~tactically~*~*~ (stealth).
    80 | D:1      | 80 ||| Stepping ~*~*~tactically~*~*~ (stealth).
   128 | D:1      | Reached XP level 2. HP: 19/19 MP: 2/2
   162 | D:1      | 162 ||| Stepping ~*~*~tactically~*~*~ (hiding).
   163 | D:1      | 163 ||| Stepping ~*~*~tactically~*~*~ (hiding).
   167 | D:1      | 167 ||| Stepping ~*~*~tactically~*~*~ (hiding).
   220 | D:1      | 220 ||| DROPPING +0 club.
   405 | D:1      | 405 ||| Stepping ~*~*~tactically~*~*~ (stealth).
   409 | D:1      | 409 ||| Stepping ~*~*~tactically~*~*~ (stealth).
   413 | D:1      | Reached skill level 3 in Axes
   443 | D:1      | Reached XP level 3. HP: 23/23 MP: 3/3
   779 | D:1      | 779 ||| UPGRADING to +0 chain mail.
   789 | D:1      | 789 ||| DROPPING +0 scale mail.
   790 | D:1      | 790 ||| READING scroll labelled DAGOCI COHYCEI.
   791 | D:1      | 791 ||| READING scroll labelled DIEFAUHURPH.
   792 | D:1      | 792 ||| READING scroll labelled LAJATA WOATUBB.
   795 | D:1      | 795 ||| READING 2 scrolls labelled TOYPLUWARRU.
   796 | D:1      | 796 ||| READING 2 scrolls labelled VYDEIDONA.
   797 | D:1      | 797 ||| DRINKING 3 fizzy ruby potions.
   797 | D:1      | Gained mutation: You have a pair of small antennae on your
                  | head. [potion of mutation]
   797 | D:1      | Gained mutation: You are partially covered in iridescent
                  | scales. (AC +2) [potion of mutation]
   797 | D:1      | Gained mutation: Your flesh is cold resistant. (rC+)
                  | [potion of mutation]
   798 | D:1      | 798 ||| DROPPING scroll of magic mapping.
   799 | D:1      | 799 ||| DROPPING scroll of amnesia.
   965 | D:2      | 965 ||| Stepping ~*~*~tactically~*~*~ (stealth).
   983 | D:2      | Reached XP level 4. HP: 27/28 MP: 4/4
  1032 | D:2      | Reached skill level 4 in Axes
  1219 | D:2      | Identified the amulet "Butul" {Fragile rC+ Regen+ Dex+4}
  1320 | D:2      | 1320 ||| Stepping ~*~*~tactically~*~*~ (stealth).
  1321 | D:2      | 1321 ||| Stepping ~*~*~tactically~*~*~ (stealth).
  1323 | D:2      | 1323 ||| Stepping ~*~*~tactically~*~*~ (stealth).
  1460 | D:2      | Reached XP level 5. HP: 32/32 MP: 5/5
  1511 | D:2      | 1511 ||| UPGRADING to +0 pair of boots.
  1516 | D:2      | 1516 ||| READING 2 scrolls labelled ROBRAPT WIMI.
  1517 | D:2      | 1517 ||| READING scroll of enchant weapon.
  1517 | D:2      | 1517 ||| ENCHANTING +1 war axe.
  1518 | D:2      | 1518 ||| DRINKING 2 sedimented amethyst potions.
  1638 | D:3      | 1638 ||| Stepping ~*~*~tactically~*~*~ (hiding).
  1800 | D:3      | Noticed Jessica
  1801 | D:3      | 1801 ||| Stepping ~*~*~tactically~*~*~ (hiding).
  1803 | D:3      | 1803 ||| Stepping ~*~*~tactically~*~*~ (hiding).
  1809 | D:3      | Killed Jessica
  1810 | D:3      | Reached skill level 5 in Axes
  2200 | D:3      | 2200 ||| DROPPING amulet of magic regeneration.
  2201 | D:3      | 2201 ||| READING scroll labelled ANUGHO ICAUTEA.
  2202 | D:3      | 2202 ||| READING 2 scrolls of identify.
  2202 | D:3      | 2202 ||| IDENTIFYING amethyst potion
  2274 | D:4      | Found a staircase to the Ecumenical Temple.
  2275 | D:4      | 2275 ||| PLANNING TEMPLE
  2283 | Temple   | Entered the Ecumenical Temple
  2440 | Temple   | 2440 ||| PLANNING D:1-11
  2687 | D:4      | Reached XP level 6. HP: 38/38 MP: 6/6
  2701 | D:4      | 2701 ||| DROPPING +0 whip of freezing.
  2905 | D:4      | Noticed Natasha
  2906 | D:4      | 2906 ||| Stepping ~*~*~tactically~*~*~ (hiding).
  2916 | D:4      | Killed Natasha
  3144 | D:4      | 3144 ||| Stepping ~*~*~tactically~*~*~ (hiding).
  3146 | D:4      | 3146 ||| Stepping ~*~*~tactically~*~*~ (hiding).
  3267 | D:4      | Noticed Natasha
  3273 | D:4      | Killed Natasha
  3318 | D:4      | 3318 ||| DRINKING 2 viscous purple potions.
  3319 | D:4      | 3319 ||| READING 2 scrolls of identify.
  3319 | D:4      | 3319 ||| IDENTIFYING fuming blue potion
  3320 | D:4      | 3320 ||| DROPPING potion of degeneration.
  3326 | D:5      | Entered Level 5 of the Dungeon
  3396 | D:5      | Noticed a black bear
  3412 | D:5      | Killed a black bear
  3413 | D:5      | Reached skill level 6 in Axes
  3413 | D:5      | Reached XP level 7. HP: 22/43 MP: 7/7
  3561 | D:5      | You fall into a shaft and drop 3 floors!
  3604 | D:8      | Reached skill level 1 in Dodging
  3633 | D:8      | 3633 ||| READING scroll labelled QIUDIF DUORUN.
  3634 | D:8      | 3634 ||| READING 2 scrolls of identify.
  3634 | D:8      | 3634 ||| IDENTIFYING bubbling puce potion
  3635 | D:8      | 3635 ||| DROPPING potion of brilliance.
  3725 | D:7      | Reached skill level 7 in Axes
  3731 | D:7      | HP: 11/44 [wight/+2 flail of freezing (4)]
  3732 | D:7      | 3732 ||| READING 4 scrolls of teleportation.
  3734 | D:7      | HP: 4/44 [bullfrog (6)]
  3740 | D:7      | 3740 ||| READING 3 scrolls of teleportation.
  3937 | D:7      | Reached XP level 8. HP: 48/50 MP: 8/8
  4048 | D:6      | HP: 12/50 [gnoll sergeant/+0 spear (1)]
  4049 | D:6      | 4049 ||| READING 2 scrolls of teleportation.
  4224 | D:6      | 4224 ||| READING scroll labelled HEPTIE REVOBLA.
  4294 | D:5      | Found an iron altar of Okawaru.
  4295 | D:5      | 4295 ||| PLANNING OKAWARU WORSHIP
  4300 | D:5      | Became a worshipper of Warmaster Okawaru
  4300 | D:5      | 4300 ||| PLANNING D:1-11
  4368 | D:5      | Found a runed translucent door.
  4369 | D:5      | Noticed Crazy Yiuf
  4768 | D:5      | Reached skill level 8 in Axes
  4926 | D:5      | 4926 ||| READING scroll labelled JOLETAHUESS.
  5110 | D:6      | 5110 ||| Stepping ~*~*~tactically~*~*~ (hiding).
  5116 | D:6      | Reached skill level 1 in Throwing
  5126 | D:6      | HP: 9/50 [gnoll sergeant/+0 spear (5)]
  5127 | D:6      | 5127 ||| READING scroll of teleportation.
  5362 | D:6      | 5362 ||| Stepping ~*~*~tactically~*~*~ (stealth).
  5377 | D:6      | Reached skill level 6 in Fighting
  5620 | D:6      | Reached * piety under Okawaru
  5730 | D:6      | 5730 ||| INVOKING Heroism.
  5741 | D:6      | Reached skill level 9 in Axes
  5741 | D:6      | Reached XP level 9. HP: 48/55 MP: 7/9
  5937 | D:6      | 5937 ||| UPGRADING to amulet of reflection.
  5958 | D:7      | 5958 ||| STAIRDANCE
  6007 | D:7      | 6007 ||| INVOKING Heroism.
  6008 | D:7      | 6008 ||| INVOKING Heroism.
  6012 | D:7      | HP: 11/55 [gnoll sergeant/+0 trident (10)]
  6020 | D:7      | HP: 2/55 [gnoll/+1 heavy spear[a gnoll sergeant] (6)]
  6026 | D:7      | Slain by a gnoll sergeant

Levels and vault maps discovered:
D:1:      dpeg_arrival_stonehenge_8_columns, layout_loops_ring,
          chequers_serial_rivers_room_a, st_stairs_5
D:2:      layout_loops_ring, kennysheep_nub
D:3:      layout_basic, uniq_jessica
D:4:      cheibrodos_old_hovel, layout_basic, minmay_temple_entry_trees,
          uniq_natasha
D:5:      nicolae_cairo_tiling, layout_gridville, lemuel_crystal_altar,
          uniq_crazy_yiuf_cottage
D:6:      layout_cave_pods
D:7:      layout_gridville, nicolae_grassy_gnolls, uniq_menkaure
D:8:      minmay_goldmine, layout_basic, hellmonk_lair_entry_icy
Temple:   nicolae_temple_bog_church

Skill      XL: |  1  2  3  4  5  6  7  8  9 |
---------------+----------------------------+-----
Axes           | 2 3 4 5 6 7 9 |  9.0
Fighting       | 4 5 6 |  6.2
Dodging        | 1 |  1.3
Throwing       | 1 |  1.7
Armour         | 4 |  4.2
Shields        | 4 |  4.3

Action                     |  1- 3 |  4- 6 |  7- 9 || total
---------------------------+-------+-------+-------++-------
  Melee: War axe           |    93 |   156 |   224 ||   473
  Throw: Boomerang         |       |     5 |    22 ||    27
 Invoke: Heroism           |       |       |     2 ||     2
    Use: Scroll            |     5 |     5 |     8 ||    18
         Potion            |     1 |     2 |       ||     3
 Armour: Scale mail        |    38 |       |       ||    38
         Chain mail        |    16 |   117 |   200 ||   333
  Dodge: Dodged            |    44 |    52 |   133 ||   229
  Block: Buckler           |    26 |    30 |    74 ||   130

Table legend:
 A = Non-vault XP
 B = Vault XP
 C = Vault XP percentage of total XP
 D = Non-vault monster count
 E = Vault monster count
 F = Vault count percentage of total count
                 A         B        C        D         E       F
            +---------+---------+-------+---------+---------+-------
      Total |    2700 |     139 |   4.9 |     122 |      10 |   7.6
            +---------+---------+-------+---------+---------+-------
        D:1 |      45 |       4 |   8.2 |      26 |       3 |  10.3
        D:2 |     120 |       0 |   0.0 |      21 |       0 |   0.0
        D:3 |      54 |      37 |  40.7 |      13 |       1 |   7.1
        D:4 |     138 |      41 |  22.9 |      13 |       2 |  13.3
        D:5 |     474 |       0 |   0.0 |       9 |       0 |   0.0
        D:6 |    1044 |       0 |   0.0 |      24 |       0 |   0.0
        D:7 |     728 |      57 |   7.3 |      15 |       4 |  21.1
        D:8 |      97 |       0 |   0.0 |       1 |       0 |   0.0
            +---------+---------+-------+---------+---------+-------
